Map: Ночной пейзаж РВ

Players

Мразь

  • Race: Protoss Protoss
  • Spawn Location: 1:00

kirekhar

  • Race: Terran Terran
  • Spawn Location: 1:00

Kantara - Winner!

  • Race: Protoss Protoss
  • League: Gold
  • Spawn Location: 7:00

Racin - Winner!

  • Race: Zerg Zerg
  • League: Master
  • Spawn Location: 7:00

VOD

Have the link to the VOD?

Description

Time

  • Played on: Sept. 12, 2020, 10:59 p.m.
  • Length: 15:02
Show
View Real Time Build Order
Export as new Build Order

Мразь Protoss 

Build Orders: Cannon Rush 

Get SALT Encoding   

  12  0:01  Probe (Chrono Boost)  
  13  0:13  Probe (Chrono Boost)  
  14  0:27  Pylon  
  14  0:28  Probe  
  15  0:46  Gateway  
  15  0:51  Forge  
  15  0:53  Probe  
  16  1:05  Probe (Chrono Boost)  
  17  1:11  Assimilator  
  17  1:15  Assimilator  
  17  1:17  Probe (Chrono Boost)  
  19  1:26  Probe (Chrono Boost)  
  19  1:27  Photon Cannon  
  19  1:33  Photon Cannon  
  19  1:44  Photon Cannon  
  19  1:59  Probe, Cybernetics Core  
  20  2:11  Probe  
  21  2:20  Pylon  
  21  2:23  Probe  
  22  2:30  Pylon  
  22  2:35  Probe (Chrono Boost)  
  23  2:43  Shield Battery  
  24  2:44  Shield Battery  
  24  2:45  Probe (Chrono Boost)  
  24  2:50  Probe (Chrono Boost)  
  24  2:52  Stargate  
  25  3:01  Probe  
  26  3:18  Nexus  
  26  3:24  Probe (Chrono Boost)  
  28  3:35  Probe (Chrono Boost), Void Ray  
  28  3:39  Probe (Chrono Boost)  
  33  3:50  Probe  
  34  4:01  Stargate  
  34  4:02  Probe  
  35  4:06  Assimilator  
  35  4:10  Assimilator  
  35  4:20  Void Ray  
  39  4:41  Probe (Chrono Boost)  
  39  4:44  Probe (Chrono Boost)  
  41  4:52  Probe (Chrono Boost)  
  43  4:55  Probe (Chrono Boost)  
  43  4:56  Probe (Chrono Boost)  
  43  4:59  Void Ray (Chrono Boost)  
  44  5:04  Probe  
  45  5:07  Probe  
  45  5:08  Void Ray (Chrono Boost)  
  54  5:30  Cybernetics Core  
  54  5:46  Pylon  
  54  5:49  Pylon  
  54  5:53  Pylon  
  54  5:57  Pylon  
  54  5:58  Void Ray  
  54  6:01  Void Ray  
  54  6:04  Probe x2  
  64  6:12  Nexus  
  64  6:15  Assimilator  
  64  6:16  Probe  
  65  6:18  Assimilator  
  65  6:25  Stargate  
  65  6:31  Robotics Facility  
  65  6:38  Fleet Beacon  
  65  6:44  Void Ray  
  65  6:45  Void Ray  
  73  6:54  Probe x2  
  75  7:06  Probe x2 (Chrono Boost)  
  77  7:15  Protoss Air Weapons Level 1 (Chrono Boost)  
  77  7:16  Protoss Air Armor Level 1 (Chrono Boost)  
  77  7:19  Probe x2 (Chrono Boost)  
  79  7:27  Probe x2 (Chrono Boost)  
  79  7:28  Probe (Chrono Boost)  
  82  7:33  Probe x2  
  82  7:35  Probe  
  85  7:40  Flux Vanes  
  85  7:42  Observer  
  86  7:47  Probe  
  87  7:53  Void Ray x3  
  87  8:02  Probe x2  
  101  8:28  Pylon  
  101  8:29  Pylon  
  101  8:32  Pylon  
  101  8:35  Pylon  
  101  8:38  Pylon  
  101  8:40  Void Ray, Pylon  
  101  8:41  Void Ray x2  
  101  8:42  Pylon  
  101  8:44  Pylon  
  101  8:46  Probe x3  
  116  8:58  Probe x3  
  116  8:59  Stargate  
  116  9:00  Stargate  
  119  9:03  Stargate  
  119  9:22  Protoss Air Weapons Level 2 (Chrono Boost)  
  119  9:32  Protoss Air Armor Level 2 (Chrono Boost)  
  131  9:58  Void Ray x3 (Chrono Boost)  
  131  9:59  Void Ray (Chrono Boost)  
  135  10:02  Void Ray (Chrono Boost)  
  139  10:12  Void Ray (Chrono Boost)  
  131  11:00  Void Ray x5  
  103  11:09  Void Ray  
  107  11:37  Void Ray x2  
  115  11:48  Void Ray x2  
  115  11:49  Void Ray x2  
  99  12:21  Void Ray (Chrono Boost)  
  83  12:32  Void Ray (Chrono Boost)  
  76  13:11  Probe x3  
  68  13:23  Probe  
  69  13:56  Probe  
  69  13:57  Probe  
  18  14:46  Probe  
Show
View Real Time Build Order
Export as new Build Order

kirekhar Terran 

Build Orders:  

Get SALT Encoding   

  12  0:01  SCV  
  13  0:13  SCV  
  14  0:28  SCV  
  14  0:32  Supply Depot  
  15  0:54  SCV  
  15  0:55  Barracks  
  16  0:59  Barracks  
  16  1:06  SCV  
  17  1:18  SCV  
  18  1:28  Barracks  
  18  1:30  SCV  
  19  1:42  SCV  
  19  1:43  Marine  
  19  1:46  Supply Depot  
  21  1:51  Marine  
  22  2:03  Command Center  
  22  2:05  Marine  
  23  2:15  Marine x2  
  25  2:23  Marine  
  25  2:24  Orbital Command  
  26  2:33  Marine  
  27  2:40  Marine  
  27  2:41  Refinery  
  27  2:43  Refinery  
  28  2:53  Marine  
  28  2:54  Marine  
  28  2:58  SCV  
  31  3:13  Supply Depot  
  31  3:15  SCV, Supply Depot, Marine x2  
  34  3:21  Orbital Command  
  34  3:24  Marine  
  35  3:27  SCV  
  36  3:37  Supply Depot  
  36  3:39  SCV  
  37  3:41  Supply Depot  
  37  3:51  SCV  
  37  3:54  Marine x3  
  41  3:56  SCV  
  42  4:03  SCV  
  43  4:11  Marine  
  43  4:12  Marine x2  
  43  4:14  Engineering Bay  
  46  4:20  Engineering Bay  
  46  4:29  Marine x2  
  46  4:30  SCV  
  50  4:38  SCV  
  50  4:42  SCV  
  50  4:45  Terran Infantry Weapons Level 1  
  51  4:50  SCV  
  52  5:02  SCV  
  52  5:04  Sensor Tower  
  52  5:05  Terran Infantry Armor Level 1  
  52  5:06  Missile Turret  
  53  5:11  Marine  
  53  5:12  Marine x2  
  53  5:13  SCV  
  57  5:14  SCV  
  58  5:24  Factory  
  58  5:25  SCV  
  59  5:30  Missile Turret  
  59  5:37  SCV  
  60  5:45  Command Center  
  60  5:53  SCV x2  
  62  5:57  Refinery  
  62  6:02  Refinery  
  62  6:05  SCV  
  62  6:06  SCV  
  64  6:17  SCV  
  64  6:18  SCV  
  66  6:30  SCV  
  66  6:31  Barracks Reactor  
  67  6:36  Barracks Tech Lab  
  67  6:37  Barracks Reactor  
  67  6:39  SCV  
  68  6:51  SCV  
  68  6:53  Missile Turret  
  69  6:56  Factory Tech Lab  
  69  6:59  Starport, SCV  
  70  7:04  Orbital Command  
  70  7:10  Missile Turret  
  70  7:11  SCV  
  70  7:12  Neosteel Armor, Hi-Sec Auto Tracking  
  71  7:15  Cyclone  
  71  7:17  Refinery  
  71  7:19  Refinery  
  74  7:33  Marine x3  
  77  7:43  Starport Tech Lab  
  77  7:48  Cyclone, Armory  
  80  8:00  Barracks  
  80  8:02  SCV x2  
  80  8:03  SCV  
  83  8:08  Sensor Tower  
  83  8:14  SCV  
  83  8:18  Banshee  
  87  8:20  Siege Tank  
  87  8:26  Armory  
  90  8:34  Barracks  
  90  8:37  Barracks  
  90  8:38  Barracks x2  
  90  8:48  SCV  
  91  8:57  Barracks Reactor  
  91  9:00  Barracks  
  91  9:01  Barracks, SCV  
  92  9:09  Terran Vehicle Weapons Level 1  
  92  9:12  Terran Infantry Weapons Level 2, Terran Infantry Armor Level 2  
  92  9:13  SCV  
  93  9:17  Banshee  
  93  9:18  Siege Tank  
  93  9:20  Missile Turret  
  99  9:28  SCV  
  100  9:33  Factory  
  100  9:34  Factory  
  100  9:36  Factory  
  100  9:40  SCV  
  100  9:43  Armory  
  101  9:45  Barracks Tech Lab  
  101  9:46  Barracks Reactor, Armory  
  101  9:47  Barracks Tech Lab  
  101  9:49  Barracks Tech Lab  
  101  9:53  SCV  
  101  9:59  Marine x4  
  106  10:00  Banshee  
  106  10:01  Barracks Tech Lab  
  106  10:02  Barracks Reactor  
  109  10:10  Missile Turret  
  109  10:19  Command Center  
  100  10:42  Marine x3  
  51  10:43  Marine x4  
  51  10:44  Marine x2  
  30  11:00  Marine x2  
  22  11:11  Hellion  
  22  11:12  Hellion x2  
  22  11:17  Combat Shield  
  28  11:18  Stimpack  
  28  11:22  Banshee  
  18  11:33  Hellion x2  
  13  12:05  Banshee  
  11  12:48  Banshee  
Show
View Real Time Build Order
Export as new Build Order

Kantara Protoss - Winner!

Build Orders: Chargelot Immortal, Colossus Rush 

Get SALT Encoding   

  12  0:00  Probe  
  13  0:13  Probe  
  14  0:18  Pylon  
  14  0:25  Probe  
  15  0:37  Probe  
  15  0:42  Gateway  
  16  0:49  Assimilator  
  16  0:51  Probe  
  17  1:01  Assimilator  
  17  1:03  Probe (Chrono Boost)  
  18  1:15  Probe (Chrono Boost)  
  19  1:19  Probe (Chrono Boost)  
  20  1:32  Cybernetics Core  
  20  1:37  Pylon  
  21  1:40  Probe  
  21  1:58  Probe (Chrono Boost)  
  22  2:04  Nexus  
  22  2:11  Robotics Facility  
  23  2:16  Probe (Chrono Boost)  
  23  2:20  Probe (Chrono Boost)  
  24  2:28  Stalker (Chrono Boost)  
  24  2:32  Probe  
  24  2:33  Warp Gate  
  27  2:44  Probe  
  28  2:56  Probe  
  29  3:08  Probe  
  29  3:11  Pylon  
  29  3:12  Pylon  
  30  3:15  Immortal  
  34  3:20  Probe  
  34  3:23  Gateway  
  34  3:24  Stalker (Chrono Boost)  
  37  3:30  Probe  
  37  3:33  Probe  
  39  3:40  Pylon  
  39  3:44  Probe  
  39  3:45  Probe  
  41  3:55  Robotics Bay  
  41  3:56  Observer (Chrono Boost)  
  42  4:09  Immortal (Chrono Boost)  
  42  4:16  Pylon  
  46  4:27  Assimilator  
  46  4:30  Probe x2  
  48  4:31  Assimilator  
  48  4:40  Extended Thermal Lance (Chrono Boost)  
  48  4:48  Colossus  
  54  4:54  Zealot x2  
  58  5:06  Twilight Council  
  58  5:19  Probe x2  
  60  5:31  Probe  
  61  5:37  Robotics Facility  
  61  5:49  Nexus  
  61  5:50  Colossus  
  61  5:51  Pylon  
  67  6:00  Stalker x2  
  71  6:09  Probe x2  
  73  6:14  Charge (Chrono Boost)  
  73  6:21  Probe x2  
  75  6:26  Forge  
  75  6:27  Forge  
  75  6:34  Colossus  
  81  6:40  Probe  
  81  6:42  Probe  
  83  6:48  Stalker  
  85  6:58  Pylon  
  85  6:59  Pylon  
  85  7:00  Probe x3  
  88  7:15  Probe x3  
  91  7:16  Assimilator  
  91  7:19  Assimilator  
  91  7:27  Probe  
  92  7:31  Colossus (Chrono Boost)  
  92  7:33  Immortal  
  92  7:36  Protoss Ground Weapons Level 1 (Chrono Boost), Protoss Shields Level 1 (Chrono Boost)  
  102  7:39  Stalker  
  102  7:43  Stalker  
  106  8:01  Gateway  
  106  8:03  Gateway  
  106  8:04  Gateway  
  106  8:08  Warp Prism (Chrono Boost), Gateway  
  108  8:26  Probe x3  
  111  8:38  Probe  
  111  8:39  Stalker x2  
  116  8:51  Nexus  
  116  8:53  Pylon  
  116  8:55  Pylon  
  116  8:56  Pylon  
  116  8:58  Pylon  
  116  9:00  Gateway  
  116  9:03  Gateway  
  116  9:07  Gateway  
  116  9:08  Gateway  
  116  9:12  Zealot  
  116  9:13  Zealot x5  
  128  9:37  Immortal, Colossus  
  138  9:43  Protoss Ground Weapons Level 2 (Chrono Boost)  
  138  9:44  Protoss Shields Level 2 (Chrono Boost)  
  138  9:48  Gravitic Drive  
  138  9:54  Stalker x4  
  138  9:58  Sentry  
  148  10:06  Pylon  
  148  10:07  Pylon  
  148  10:09  Pylon  
  148  10:11  Pylon  
  148  10:34  Zealot x6  
  148  10:35  Zealot x3  
  164  10:36  Zealot  
  133  11:06  Stalker x2  
  133  11:07  Stalker x6  
  133  11:08  Stalker x2  
  153  11:20  Colossus x2  
  157  11:43  Stalker x4  
  157  11:44  Stalker x3  
  135  12:14  Warp Prism  
  121  12:18  Stalker x4  
  121  12:19  Stalker x5  
  91  13:00  Probe x4  
  91  13:06  Assimilator  
  91  13:11  Stargate, Assimilator  
  91  13:12  Probe x4  
  95  13:13  Stargate  
  95  13:16  Pylon  
  95  13:20  Pylon  
  95  13:25  Stalker x3  
  95  13:26  Stalker x3  
  107  13:54  Stargate  
  107  13:57  Stargate  
  107  14:04  Pylon  
  107  14:14  Phoenix x2  
  111  14:30  Stalker x6  
  111  14:31  Stalker x4  
  133  14:57  Stalker x4  
Show
View Real Time Build Order
Export as new Build Order

Racin Zerg - Winner!

Build Orders: Hatch First 

Get SALT Encoding   

  12  0:01  Drone  
  13  0:12  Overlord  
  13  0:18  Drone  
  14  0:30  Drone x2  
  16  0:37  Drone  
  17  0:55  Hatchery, Drone  
  17  0:57  Drone  
  18  1:08  Extractor  
  17  1:13  Spawning Pool  
  17  1:16  Drone  
  17  1:19  Drone  
  18  1:28  Drone  
  19  1:41  Drone  
  20  1:52  Drone  
  21  2:04  Drone  
  21  2:06  Queen  
  21  2:08  Drone, Queen  
  25  2:14  Drone  
  28  2:18  Hatchery  
  27  2:23  Zergling x2  
  27  2:26  Overlord  
  28  2:40  Overlord  
  28  2:53  Overlord  
  28  2:54  Drone x4  
  32  3:02  Drone  
  33  3:08  Drone  
  33  3:11  Queen  
  36  3:13  Lair  
  36  3:15  Metabolic Boost  
  36  3:20  Drone, Baneling Nest  
  36  3:33  Drone  
  36  3:34  Drone x6  
  43  3:43  Queen  
  43  3:44  Drone x2  
  43  3:46  Drone  
  48  3:52  Drone x2  
  50  4:15  Extractor  
  49  4:17  Extractor, Overlord  
  49  4:18  Drone x2  
  49  4:20  Overlord x2  
  49  4:21  Overlord x2  
  50  4:31  Overlord  
  50  4:39  Drone  
  50  4:40  Drone x7  
  58  4:49  Drone x2  
  58  4:52  Centrifical Hooks, Hatchery  
  59  4:55  Hatchery  
  58  5:00  Evolution Chamber, Drone  
  58  5:02  Evolution Chamber  
  58  5:04  Drone  
  58  5:05  Drone  
  58  5:06  Drone  
  60  5:07  Drone  
  60  5:11  Overlord  
  60  5:12  Drone  
  62  5:19  Drone x3  
  62  5:20  Drone x4  
  69  5:29  Drone  
  69  5:30  Drone x6  
  76  5:38  Extractor  
  76  5:39  Extractor  
  73  5:45  Zergling x6  
  76  5:54  Extractor, Drone x4  
  76  5:55  Drone x2, Zergling x2, Spire  
  76  5:56  Zergling x8  
  85  5:58  Zerg Melee Weapons Level 1, Zerg Ground Armor Level 1  
  85  6:01  Zergling x2  
  86  6:09  Zergling x2  
  86  6:10  Zergling x6  
  90  6:15  Zergling x2  
  90  6:16  Zergling x12  
  97  6:20  Zergling x6  
  97  6:21  Zergling x6  
  103  6:32  Zergling x2  
  104  6:33  Zergling x8  
  104  6:36  Overseer x3  
  104  6:37  Zergling x4  
  109  6:48  Zergling x2  
  109  6:49  Overlord x2  
  109  6:50  Overlord x2  
  110  6:57  Roach Warren  
  110  7:00  Infestation Pit  
  109  7:05  Overlord  
  109  7:06  Overlord  
  109  7:07  Drone x6  
  109  7:08  Drone x7  
  122  7:11  Zerg Flyer Weapons Level 1  
  122  7:38  Corruptor  
  122  7:39  Corruptor x12  
  148  7:52  Hive  
  148  7:57  Zerg Melee Weapons Level 2  
  147  8:04  Drone x6  
  153  8:09  Extractor  
  153  8:11  Zerg Ground Armor Level 2  
  152  8:14  Extractor  
  152  8:18  Hatchery  
  150  8:23  Hatchery, Zergling x2  
  150  8:24  Zergling x14  
  150  8:25  Overlord  
  150  8:26  Overlord x5  
  157  8:38  Overlord x5  
  157  8:47  Baneling x8  
  157  8:48  Zergling x14  
  158  8:50  Baneling x2  
  158  8:51  Baneling x5  
  164  9:02  Zergling x2  
  165  9:03  Zergling x16  
  165  9:07  Zerg Flyer Weapons Level 2  
  173  9:12  Baneling x11  
  173  9:13  Baneling x3, Zergling x2  
  173  9:14  Zergling x14  
  181  9:19  Ultralisk Cavern  
  181  9:23  Zergling x6  
  181  9:24  Zergling x8  
  187  9:30  Corruptor x2  
  191  9:34  Corruptor  
  193  9:44  Zergling x6  
  193  9:45  Zergling x6  
  199  9:55  Baneling  
  199  9:56  Baneling x13  
  199  9:57  Baneling x3  
  199  9:58  Baneling x11  
  199  10:00  Overlord  
  199  10:06  Chitinous Plating  
  199  10:32  Zergling x2  
  199  10:33  Ultralisk  
  199  10:34  Ultralisk  
  145  10:57  Mutalisk  
  145  10:58  Mutalisk x6  
  145  11:00  Queen x3  
  140  11:25  Anabolic Synthesis, Mutalisk  
  133  11:26  Mutalisk x6  
  133  11:28  Zergling x4  
  133  11:29  Zergling x60  
  133  11:30  Zergling x20  
  189  11:38  Extractor  
  189  11:39  Extractor  
  171  11:48  Mutalisk x4  
  171  11:50  Extractor  
  171  11:53  Extractor  
  170  11:56  Mutalisk x2  
  165  12:03  Mutalisk  
  165  12:04  Zergling x2  
  165  12:05  Zergling x14  
  160  12:19  Mutalisk  
  160  12:20  Mutalisk x3  
  160  12:21  Drone x5  
  160  12:22  Drone x13  
  163  12:31  Adrenal Glands  
  144  12:52  Hydralisk Den, Zerg Missile Weapons Level 1  
  120  13:18  Queen x5  
  120  13:19  Queen  
  131  13:20  Zergling x16  
  131  13:21  Zergling x38  
  150  13:43  Mutalisk x2  
  150  13:44  Mutalisk x12  
  150  13:46  Mutalisk  
  171  13:53  Mutalisk x5  
  179  14:02  Mutalisk x3  
  178  14:03  Mutalisk  
  178  14:04  Zergling x2  
  178  14:08  Mutalisk  
  165  14:17  Mutalisk  
  165  14:18  Mutalisk x5  
  154  14:35  Mutalisk  
  154  14:37  Hydralisk  
  154  14:38  Hydralisk x5  
Tags
 
Add a new tag
Caveats
  • Supply blocks, unpowered buildings, or Contaminate may cause inaccurate times.
  • Supply counts are checked every 10 seconds.